 Dungeon Crawl Stone Soup version 0.31-a0-214-gb37851dbb3 (webtiles) character file.

Game seed: 7352703357088357012

14 qw the Shooter (level 2, 0/24 HPs)
             Began as a Minotaur Hexslinger on July 1, 2023.
             Slain by a kobold
             ... wielding a +0 whip
              (4 damage)
             ... on level 2 of the Dungeon.
             The game lasted 00:00:09 (555 turns).

qw the Shooter (Minotaur Hexslinger)                 Turns: 555, Time: 00:00:10

Health: 0/24       AC:  6    Str: 12    XL:     2   Next: 27%
Magic:  2/2        EV: 10    Int: 10    God:
Gold:   41         SH:  0    Dex: 12    Spells: 2/3 levels left

rFire   . . .        Y - +1 sling
rCold   . . .        (no shield)
rNeg    . . .        g - +0 ring mail
rPois   .            (helmet restricted)
rElec   .            (no cloak)
rCorr   .            (no gloves)
SInv    .            h - +0 pair of boots
Will    .....        (no amulet)
Stlth   +            (no ring)
HPRegen 0.24/turn    (no ring)
MPRegen 0.08/turn

%: no passive effects
@: no status effects
A: horns 2, retaliatory headbutt
a: no special abilities


You were on level 2 of the Dungeon.
You visited 1 branch of the dungeon, and saw 2 of its levels.

You collected 41 gold pieces.


Innate Abilities, Weirdness & Mutations

You have a pair of horns on your head.
You reflexively headbutt those who attack you in melee.


   Skills:
 + Level 1.9 Fighting
 - Level 3.0 Ranged Weapons
 - Level 2.1 Dodging
 - Level 1.0 Spellcasting
 - Level 2.0 Hexes


You had 2 spell levels left.
You knew the following spells:

 Your Spells              Type           Power      Damage    Failure   Level
a - Slow                  Hex            16%        N/A       34%         1

Your spell library contained the following spells:

 Spells                   Type           Power      Damage    Failure   Level
 Inner Flame              Hex/Fire       2%         N/A       83%         3
 Portal Projectile        Hex/Tloc       4%         N/A       83%         3
 Cause Fear               Hex            2%         N/A       98%         4

Inventory:

Hand Weapons
 Y - a +1 sling (weapon)
Armour
 g - a +0 ring mail (worn)
 h - a +0 pair of boots (worn)
Scrolls
 a - a scroll of teleportation

Dungeon Overview and Level Annotations

Branches:
Dungeon (2/15)

Altars:


Message History

The jackal closely misses you.
The jackal bites you but does no damage.
You have reached level 2!
You shoot a sling bullet.
The sling bullet closely misses the jackal.
The goblin shouts!
You hear a shout!
You hear an angry hiss.
The jackal misses you. The jackal closely misses you.
The goblin hits you with a +0 dagger. The jackal misses you.
You shoot a sling bullet. The sling bullet hits the jackal.
You kill the jackal!
The goblin hits you with a +0 dagger. The jackal barely misses you.
You furiously retaliate!
You headbutt the jackal, but do no damage.
The goblin barely misses you. The goblin closely misses you.
You shoot a sling bullet. The sling bullet hits the goblin.
You kill the goblin!
The jackal bites you. x2; The goblin hits you but does no damage.
The kobold drinks a potion.
The kobold flickers and vanishes!
Deactivating autopickup; reactivate with Ctrl-A.
You shoot a sling bullet. The sling bullet hits the goblin.
You kill the goblin!
The jackal closely misses you. The goblin closely misses you.
The jackal barely misses you.
You shoot a sling bullet. The sling bullet hits the goblin.
You kill the goblin!
The jackal bites you but does no damage.
Something hits you. The jackal bites you. Something hits you.
The goblin hits you but does no damage.
You shoot a sling bullet. The sling bullet hits the goblin.
The goblin is moderately wounded.
The jackal bites you but does no damage. x2
Something hits you. The goblin hits you but does no damage.
You shoot a sling bullet. The sling bullet hits the goblin!
You kill the goblin!
The jackal barely misses you. You furiously retaliate!
You headbutt the jackal. Something hits you.
The jackal bites you but does no damage.
Something hits you.
You die...

..# #.# #.# #.#
#######.###
.......g..#.###
......gh{......
#@# #<# #.# ...
..)#. #####..
.. .## #


You could see a jackal and 2 goblins.

Vanquished Creatures
  An endoplasm (D:1)
  A giant cockroach (D:1)
  2 hobgoblins (D:1)
  3 jackals (D:2)
  4 goblins (D:2)
  A rat (D:1)
12 creatures vanquished.

Notes
Turn   | Place    | Note
-------+----------+-------------------------------------------
     0 | D:1      | qw the Minotaur Hexslinger began the quest for the Orb.
     0 | D:1      | Reached XP level 1. HP: 16/16 MP: 1/1
     0 | D:1      | 0 ||| qw: Version: 0.3-a-32-g5962c71
     0 | D:1      | 0 ||| qw: Game counter: 7355
     0 | D:1      | 0 ||| qw: Melee chars always use a shield: true
     0 | D:1      | 0 ||| qw: God list: Okawaru
     0 | D:1      | 0 ||| qw: Allow faded altars: false
     0 | D:1      | 0 ||| qw: Do Orc after clearing Dungeon:15 true
     0 | D:1      | 0 ||| qw: Do second Lair branch before Depths: true
     0 | D:1      | 0 ||| qw: Lair rune preference: random
     0 | D:1      | 0 ||| qw: Goals: Normal
     0 | D:1      | 0 ||| PLANNING D:1-11
   480 | D:1      | 480 ||| UPGRADING to +0 ring mail.
   490 | D:1      | 490 ||| DROPPING +0 robe.
   491 | D:1      | 491 ||| UPGRADING to +0 pair of boots.
   496 | D:1      | 496 ||| READING 2 scrolls labelled OBLARIUXOF.
   500 | D:1      | 500 ||| READING scroll labelled DUEZAUGRUNUE.
   501 | D:1      | 501 ||| READING scroll labelled HIGUFOIRIUTUNT.
   502 | D:1      | 502 ||| DROPPING scroll of poison.
   545 | D:2      | Reached skill level 3 in Ranged Weapons
   549 | D:2      | Reached XP level 2. HP: 23/23 MP: 2/2
   555 | D:2      | HP: 4/24 [something (4)]
   555 | D:2      | Slain by a kobold

Levels and vault maps discovered:
D:1:      evilmike_arrival_crescent, layout_rooms
D:2:      layout_loops_ring, uniq_natasha, uniq_sigmund, uniq_robin,
          uniq_crazy_yiuf_cottage

Skill      XL: |  1 |
---------------+----+-----
Ranged Weapons | 3 |  3.0
Fighting       | |  1.9
Dodging        | |  2.1
Spellcasting   | |  1.0
Hexes          | |  2.0

Action                     || total
---------------------------++-------
   Fire: Sling             ||    29
    Use: Scroll            ||     3
 Armour: Ring mail         ||    17
         Robe              ||     1
  Dodge: Dodged            ||    18

Table legend:
 A = Non-vault XP
 B = Vault XP
 C = Vault XP percentage of total XP
 D = Non-vault monster count
 E = Vault monster count
 F = Vault count percentage of total count
                 A         B        C        D         E       F
            +---------+---------+-------+---------+---------+-------
      Total |      15 |       7 |  31.8 |       8 |       4 |  33.3
            +---------+---------+-------+---------+---------+-------
        D:1 |       9 |       0 |   0.0 |       5 |       0 |   0.0
        D:2 |       6 |       7 |  53.8 |       3 |       4 |  57.1
            +---------+---------+-------+---------+---------+-------
